[Event "Titled Tuesday Blitz June 21 Early 2022"]
[White "Navara, David"]
[Black "Stribuk, Artiom"]
[WhiteFideId "309095"]
[BlackFideId "13515659"]
[WhiteElo "2686"]
[BlackElo "2259"]
[Result "1/2-1/2"]
[Round "04"]
[TimeControl "180+1"]
[Date "2022.06.21"]
[WhiteClock "0:00:03"]
[BlackClock "0:00:06"]

1. d4 Nf6 2. c4 c5 3. d5 b5 4. cxb5 a6 5. bxa6 e6 6. Nc3 exd5 7. Nxd5 Be7 8. e3 O-O 9. Nxe7+ Qxe7 10. Nf3 Ne4 11. Be2 Rxa6 12. O-O Rh6 13. Qc2 d5 14. Rd1 Rd8 15. b4 cxb4 16. Bb2 Bf5 17. h3 Nc6 18. Nd4 Nxd4 19. Rxd4 Qg5 20. Bf3 Nc3 21. e4 Bxh3 22. Bxc3 bxc3 23. Qxc3 Rg6 24. Rxd5 Rxd5 25. exd5 h5 26. Qe3 Qh4 27. Re1 Bf5 28. Qe5 Rg5 29. d6 Bd7 30. Qe7 Qf4 31. Qd8+ Kh7 32. Be4+ Bf5 33. Bxf5+ Rxf5 34. Qb6 Qd2 35. Qe3 Qxd6 36. Qe4 g6 37. a4 Qa3 38. g3 Qa2 39. Re2 Qa1+ 40. Kg2 Qf6 41. Ra2 Qa6 42. a5 Rxa5 43. Rxa5 Qxa5 44. Qf4 Kg8 45. Qb8+ Kg7 46. Qf4 Qd5+ 47. Kh2 Qe6 48. Qd4+ Qf6 49. Qe3 Kh7 50. Kg2 Qf5 51. Qd4 Qe6 52. Qf4 Qc6+ 53. Kh2 Qd7 54. Qf6 Qe6 55. Qf4 Kg7 56. Qd4+ Qf6 57. Qe3 Qb2 58. Kg2 Qb7+ 59. Kh2 Qd5 60. Qc3+ f6 61. Qc7+ Kh6 62. Qf4+ Qg5 63. Qb8 Kh7 64. Qc7+ Kh6 65. Qb8 Kg7 66. Qc7+ Kg8 67. Qc8+ Kf7 68. Qd7+ Kf8 69. Qd8+ Kg7 70. Qc7+ Kh6 71. Qb8 1/2-1/2


[Site "https://www.chess.com"]

[Event "Titled Tuesday Blitz June 21 Early 2022"]
[White "Nesterov, Arseniy"]
[Black "Perez Gormaz, Matias"]
[WhiteFideId "24198455"]
[BlackFideId "3406342"]
[WhiteElo "2489"]
[BlackElo "2341"]
[Result "1-0"]
[Round "04"]
[TimeControl "180+1"]
[Date "2022.06.21"]
[WhiteClock "0:00:03"]
[BlackClock "0:00:07"]

1. d4 d5 2. c4 e6 3. Nf3 a6 4. cxd5 exd5 5. Nc3 c6 6. Bf4 Bd6 7. Bg3 Ne7 8. e3 Bf5 9. Bd3 O-O 10. Qc2 g6 11. O-O-O b5 12. Ne2 Bxd3 13. Rxd3 a5 14. h4 Na6 15. a3 c5 16. dxc5 Nxc5 17. h5 Rc8 18. Kb1 Nxd3 19. Qxd3 Bxg3 20. Nxg3 Qd6 21. Qxb5 Rb8 22. Qxa5 Qf6 23. Qd2 Rb6 24. hxg6 hxg6 25. Qd4 Qxd4 26. Nxd4 Ra8 27. Ka2 Nc6 28. Rd1 Nb4+ 29. Kb1 Na6 30. Nge2 Nc5 31. Ka2 Ne4 32. f3 Nd6 33. b3 Rc8 34. Rd3 Nf5 35. Nxf5 Rc2+ 36. Kb1 Rxe2 37. Ne7+ Kg7 38. Nxd5 Ra6 39. a4 Rxg2 40. e4 g5 41. Rc3 Rh6 42. Rc2 Rg3 43. a5 1-0


[Site "https://www.chess.com"]

[Event "Titled Tuesday Blitz June 21 Early 2022"]
[White "Nguyen, Quoc Hy"]
[Black "Horak, Martin"]
[WhiteFideId "12410853"]
[BlackFideId "367095"]
[WhiteElo "1938"]
[BlackElo "1997"]
[Result "1-0"]
[Round "04"]
[TimeControl "180+1"]
[Date "2022.06.21"]
[WhiteClock "0:00:08"]
[BlackClock "0:00:11"]

1. c4 e5 2. d4 exd4 3. Nf3 c5 4. e3 dxe3 5. Bxe3 Nc6 6. Nc3 Nf6 7. Nd5 d6 8. Be2 Nxd5 9. cxd5 Ne7 10. O-O Nf5 11. Bb5+ Bd7 12. Qd3 Bxb5 13. Qxb5+ Qd7 14. Qd3 Be7 15. Bg5 O-O 16. Rfe1 Bxg5 17. Nxg5 h6 18. Ne4 Rfe8 19. Qh3 Rad8 20. Rad1 Kf8 21. g4 Nd4 22. Qg3 f5 23. Nc3 fxg4 24. Kg2 Kg8 25. Re4 Rxe4 26. Nxe4 Qf5 27. Re1 Re8 28. Nxd6 Qf3+ 29. Qxf3 gxf3+ 30. Kf1 Rd8 31. Nxb7 Rxd5 32. Re8+ Kf7 33. Ra8 Rh5 34. Rxa7 Kg8 35. Ke1 Rxh2 36. Nxc5 h5 37. a4 h4 38. Rd7 Nc6 39. Rd6 Nb4 40. Rb6 Nc2+ 41. Kd2 Nd4 42. Rd6 Ne2 43. Rd8+ Kh7 44. Ke3 Rh1 45. Kxf3 Ra1 46. Kxe2 Ra2 47. Rd3 Rxb2+ 48. Kf1 Ra2 49. Rh3 g5 50. Ne4 Kg6 51. Nc3 Ra3 52. Kg2 g4 53. Re3 Kg5 54. Ne4+ Kf4 55. Rxa3 h3+ 56. Kh2 Kxe4 57. a5 1-0


[Site "https://www.chess.com"]

[Event "Titled Tuesday Blitz June 21 Early 2022"]
[White "Onslow, Alfie"]
[Black "Fromm, Marius"]
[WhiteFideId "436976"]
[BlackFideId "12993190"]
[WhiteElo "1885"]
[BlackElo "2274"]
[Result "1/2-1/2"]
[Round "04"]
[TimeControl "180+1"]
[Date "2022.06.21"]
[WhiteClock "0:00:06"]
[BlackClock "0:00:09"]

1. e4 c5 2. Nc3 d6 3. d4 cxd4 4. Qxd4 Nc6 5. Qd2 Nf6 6. b3 e6 7. Bb2 d5 8. exd5 exd5 9. O-O-O Be6 10. Kb1 Qa5 11. Nf3 Bb4 12. Bd3 O-O 13. a3 Bxa3 14. Nxd5 Qxd2 15. Nxf6+ gxf6 16. Nxd2 Bxb2 17. Kxb2 Ne5 18. Be4 Rab8 19. h3 f5 20. Bf3 Rfd8 21. Rhe1 f6 22. Nf1 b6 23. Bh5 f4 24. Nd2 Kg7 25. Nf3 Rxd1 26. Rxd1 Kh6 27. Nxe5 fxe5 28. Rd6 Kxh5 29. Rxe6 Rg8 30. Rxe5+ Kh6 31. Re6+ Kh5 32. Re7 Rxg2 33. Rxa7 Rxf2 34. Rxh7+ Kg5 35. Kc3 f3 36. Kd3 Kf4 37. Rf7+ Kg3 38. Rg7+ Kxh3 39. c4 Rg2 40. Rf7 Kg3 41. Ke3 Re2+ 42. Kd3 Rb2 43. Kc3 Re2 44. Kd3 Re1 45. Kd2 Re6 46. Rg7+ Kf2 47. b4 Rd6+ 48. Kc3 Ke2 49. Re7+ Kf1 50. c5 bxc5 51. bxc5 Rf6 52. Kc4 f2 53. Ra7 Ke2 54. Ra2+ Ke3 55. Rxf2 Rxf2 56. Kd5 Rd2+ 57. Ke6 Kd4 58. c6 Kc5 59. c7 Rd6+ 60. Ke7 Rc6 61. Kd7 Rd6+ 62. Ke7 Rc6 63. Kd7 Kb6 64. c8=Q Rxc8 65. Kxc8 1/2-1/2


[Site "https://www.chess.com"]

[Event "Titled Tuesday Blitz June 21 Early 2022"]
[White "Oparin, Grigoriy"]
[Black "Goltsev, Dmitry"]
[WhiteFideId "24125890"]
[BlackFideId "24176710"]
[WhiteElo "2639"]
[BlackElo "2258"]
[Result "1-0"]
[Round "04"]
[TimeControl "180+1"]
[Date "2022.06.21"]
[WhiteClock "0:00:29"]
[BlackClock "0:00:05"]

1. d4 Nf6 2. c4 e6 3. Nf3 Bb4+ 4. Nbd2 Qe7 5. g3 b6 6. Bg2 Bb7 7. O-O Bxd2 8. Bxd2 Ne4 9. Bf4 d6 10. Ng5 f5 11. Nxe4 fxe4 12. Qc2 g5 13. Bxe4 d5 14. Be5 O-O 15. cxd5 exd5 16. Bd3 Nc6 17. Rac1 Nxe5 18. dxe5 c5 19. e4 c4 20. Be2 Qxe5 21. exd5 b5 22. Rcd1 Bxd5 23. Rfe1 Rae8 24. Qd2 Bf7 25. Bxc4 bxc4 26. Rxe5 Rxe5 27. Re1 Rxe1+ 28. Qxe1 h6 29. f4 gxf4 30. gxf4 Bd5 31. Qe5 Bf7 32. f5 Re8 33. Qg3+ Kh7 34. Qc7 Kg7 35. Qxa7 Re4 36. Qc5 Kf6 37. a4 Re5 38. Qb6+ Kxf5 39. a5 Bd5 40. a6 Kf4 41. a7 Re1+ 42. Kf2 Re5 43. Qxh6+ Ke4 44. Qe3+ Kf5 45. Qd4 Ke6 46. Qxd5+ Kxd5 47. a8=Q+ Kd4 48. Qa7+ Kd3 49. Qa3+ Kd4 50. Qc3+ Kd5 51. h4 Re4 52. Kg3 Rd4 53. Qf3+ Ke5 54. Qf8 Rd3+ 55. Kg4 Rd4+ 56. Kg5 Rd3 57. Qf4+ Kd5 58. h5 Rd4 59. Qf5+ Kc6 60. h6 Rd5 61. Qxd5+ 1-0


[Site "https://www.chess.com"]

[Event "Titled Tuesday Blitz June 21 Early 2022"]
[White "Ovezdurdyyeva, Jemal"]
[Black "Kretchetov, Alexandre"]
[WhiteFideId "14001888"]
[BlackFideId "4124588"]
[WhiteElo "1946"]
[BlackElo "2452"]
[Result "1-0"]
[Round "04"]
[TimeControl "180+1"]
[Date "2022.06.21"]
[WhiteClock "0:00:08"]
[BlackClock "0:00:38"]

1. e4 e5 2. Nf3 Nc6 3. Bb5 a6 4. Ba4 d6 5. O-O Bd7 6. c3 g6 7. d4 Bg7 8. d5 Nce7 9. Bc2 h6 10. c4 f5 11. exf5 gxf5 12. Nc3 Nf6 13. b4 O-O 14. c5 Be8 15. Bd2 Bh5 16. Qc1 Bxf3 17. gxf3 Qe8 18. Kh1 Qh5 19. Bd1 Qh4 20. Ne2 Kh8 21. Rg1 Nfxd5 22. Rg2 Rg8 23. Bb3 dxc5 24. Qxc5 c6 25. Rag1 Qf6 26. Nc3 Rad8 27. Nxd5 Nxd5 28. Rg6 Qf7 29. Bxh6 Bf6 30. Bxd5 cxd5 31. Rxg8+ Rxg8 32. Rxg8+ Qxg8 33. Qd6 Qf7 34. Bd2 Kh7 35. Kg1 d4 36. Kf1 Qc4+ 37. Kg2 Kg6 38. h4 Qc6 39. Qf8 Bg7 40. Qg8 Qf6 41. Bg5 Qf8 42. Qe6+ Kh7 43. h5 d3 44. Qg6+ Kh8 45. h6 f4 46. hxg7+ Qxg7 47. Bf6 Qxf6 48. Qxf6+ Kh7 49. Qf5+ 1-0


[Site "https://www.chess.com"]

[Event "Titled Tuesday Blitz June 21 Early 2022"]
[White "Papasimakopoulos, Alexandros"]
[Black "Livaic, Leon"]
[WhiteFideId "4244125"]
[BlackFideId "14531534"]
[WhiteElo "2340"]
[BlackElo "2540"]
[Result "1-0"]
[Round "04"]
[TimeControl "180+1"]
[Date "2022.06.21"]
[WhiteClock "0:01:03"]
[BlackClock "0:00:50"]

1. d4 e6 2. c4 d5 3. Nc3 Nf6 4. cxd5 exd5 5. Bg5 c6 6. e3 Be6 7. Bd3 Nbd7 8. Nf3 h6 9. Bh4 g5 10. Bg3 Nh5 11. Qc2 Nxg3 12. hxg3 Bg7 13. O-O Nb6 14. a4 a5 15. Rfe1 O-O 16. Bh7+ Kh8 17. Bf5 Qf6 18. g4 Nc4 19. e4 Bxf5 20. gxf5 g4 21. e5 Qd8 22. Nh2 g3 23. fxg3 Rg8 24. b3 Nb6 25. f6 Bf8 26. g4 Rc8 27. Qf5 c5 28. Nb5 cxd4 29. Nxd4 Rc3 30. Nhf3 Qd7 31. e6 fxe6 32. Rxe6 Nc8 33. f7 1-0


[Site "https://www.chess.com"]

[Event "Titled Tuesday Blitz June 21 Early 2022"]
[White "Pappelis, Dimitrios"]
[Black "Ferreira, Vitor Hugo Vieira"]
[WhiteFideId "4215281"]
[BlackFideId "2119765"]
[WhiteElo "1998"]
[BlackElo "2165"]
[Result "0-1"]
[Round "04"]
[TimeControl "180+1"]
[Date "2022.06.21"]
[WhiteClock "0:00:45"]
[BlackClock "0:01:37"]

1. Nf3 Nf6 2. c4 c6 3. Nc3 d5 4. cxd5 cxd5 5. d4 Nc6 6. Bf4 Bf5 7. e3 a6 8. h3 h6 9. Bd3 Bxd3 10. Qxd3 e6 11. O-O Bd6 12. Bxd6 Qxd6 13. Rac1 O-O 14. a3 b5 15. b4 Nd7 16. Nd2 Nb6 17. Nb3 Nc4 18. Nc5 Rfb8 19. Ra1 a5 20. bxa5 Rxa5 21. Rfb1 Nxa3 22. Nxb5 Raxb5 23. Rxb5 Nxb5 24. Na6 Nb4 25. Nxb4 Qxb4 26. Rb1 Qc4 27. Qd1 Rb7 28. Rc1 Nc3 0-1


[Site "https://www.chess.com"]

[Event "Titled Tuesday Blitz June 21 Early 2022"]
[White "Paravyan, David"]
[Black "Grischuk, Alexander"]
[WhiteFideId "4194985"]
[BlackFideId "4126025"]
[WhiteElo "2569"]
[BlackElo "2762"]
[Result "1/2-1/2"]
[Round "04"]
[TimeControl "180+1"]
[Date "2022.06.21"]
[WhiteClock "0:00:37"]
[BlackClock "0:00:06"]

1. e4 e5 2. Nf3 Nc6 3. Nc3 Nf6 4. d4 exd4 5. Nxd4 Bb4 6. Nxc6 bxc6 7. Bd3 d5 8. exd5 O-O 9. O-O cxd5 10. Bg5 Be7 11. Bxf6 Bxf6 12. Nxd5 Bxb2 13. Rb1 Bf6 14. Qh5 h6 15. Be4 c6 16. Nxf6+ Qxf6 17. Qc5 Be6 18. a3 Bd5 19. Bxd5 cxd5 20. Qxd5 Rac8 21. c4 Rfd8 22. Qa5 Rd7 23. c5 Qd4 24. Rbc1 Rdc7 25. Qa6 Rc6 26. Qxa7 Rxc5 27. g3 Qd5 28. Rxc5 Rxc5 29. Qb8+ Kh7 30. Qb1+ g6 31. Rd1 Qf3 32. Qd3 Qxd3 33. Rxd3 Rc2 34. g4 Kg7 35. Rf3 h5 36. gxh5 gxh5 37. Kg2 Ra2 38. Kg3 Kg6 39. Kh4 f6 40. Kg3 Ra1 41. Rc3 Ra2 42. Kf3 Kg5 43. Rc5+ f5 44. Ra5 h4 45. Ra8 Rb2 46. Rg8+ Kf6 47. Ra8 Kg5 48. h3 Rb3+ 49. Kg2 Kf4 50. Ra4+ Kg5 51. Ra8 Kf4 52. a4 Ra3 53. a5 Ra1 54. a6 Ra2 55. a7 Ra1 56. Rh8 Rxa7 57. Rxh4+ Kg5 58. Rb4 Ra3 59. h4+ Kh5 60. f3 Ra1 61. Kg3 Rg1+ 62. Kf4 Kxh4 63. Kxf5+ Kh5 64. Rb6 Rg5+ 65. Ke4 Ra5 66. f4 Ra4+ 67. Ke5 Ra5+ 68. Ke4 Ra4+ 69. Kf5 Ra5+ 70. Kf6 Kg4 71. Rb4 Rf5+ 72. Kg6 Rxf4 73. Rxf4+ Kxf4 1/2-1/2


[Site "https://www.chess.com"]

[Event "Titled Tuesday Blitz June 21 Early 2022"]
[White "Parkhov, Yair"]
[Black "Rostovtsev, Dmitry"]
[WhiteFideId "2813408"]
[BlackFideId "34278320"]
[WhiteElo "2567"]
[BlackElo "2768"]
[Result "0-1"]
[Round "04"]
[TimeControl "180+1"]
[Date "2022.06.21"]
[WhiteClock "0:00:30"]
[BlackClock "0:01:49"]

1. e4 e5 2. Nf3 Nc6 3. Bc4 Bc5 4. d3 Nf6 5. O-O d6 6. h3 O-O 7. Bg5 h6 8. Bh4 g5 9. Bg3 Nh5 10. Bh2 g4 11. hxg4 Bxg4 12. Nbd2 Kh8 13. c3 Qf6 14. Kh1 Rg8 15. b4 Bb6 16. a4 a5 17. b5 Ne7 18. Qb3 Rg7 19. d4 Nf4 20. dxe5 dxe5 21. Bxf4 Qxf4 22. Be2 Rag8 23. Rad1 Bxf3 24. Bxf3 Qh4+ 25. Kg1 Rxg2+ 26. Bxg2 Qg3 0-1


[Site "https://www.chess.com"]

[Event "Titled Tuesday Blitz June 21 Early 2022"]
[White "Perez Leiva, Jerzy Jesus"]
[Black "Jaracz, Pawel"]
[WhiteFideId "3524337"]
[BlackFideId "1102222"]
[WhiteElo "2287"]
[BlackElo "2459"]
[Result "0-1"]
[Round "04"]
[TimeControl "180+1"]
[Date "2022.06.21"]
[WhiteClock "0:00:02"]
[BlackClock "0:00:26"]

1. e4 c5 2. Nf3 e6 3. d4 cxd4 4. Nxd4 a6 5. c4 Nf6 6. Nc3 Bb4 7. Be2 Nxe4 8. O-O Bxc3 9. bxc3 Nxc3 10. Qd3 Nxe2+ 11. Nxe2 O-O 12. Ba3 Re8 13. Rab1 b5 14. Qf3 Nc6 15. Bd6 bxc4 16. Qg3 e5 17. Nc3 Re6 18. Rfd1 a5 19. Ne4 Nd4 20. Kh1 f6 21. f4 Ne2 22. Qf3 Nd4 23. Nxf6+ Rxf6 24. Qxa8 Rxd6 25. fxe5 Ra6 26. Qd5+ Ne6 27. Rb8 Qc7 28. Qb5 Rc6 29. Rd6 Kf7 30. Ra8 Rxd6 31. exd6 Qxd6 32. Qf5+ Ke7 33. Qf1 Bb7 34. Rxa5 c3 35. Rf5 Qd2 36. Rf7+ Kd6 37. Rf2 Qd4 38. Rc2 Be4 39. Rc1 c2 0-1


[Site "https://www.chess.com"]

[Event "Titled Tuesday Blitz June 21 Early 2022"]
[White "Petrovic, Aleksa"]
[Black "Tinmaz, Kerem"]
[WhiteFideId "967629"]
[BlackFideId "44559151"]
[WhiteElo "2117"]
[BlackElo "1443"]
[Result "1-0"]
[Round "04"]
[TimeControl "180+1"]
[Date "2022.06.21"]
[WhiteClock "0:00:33"]
[BlackClock "0:00:01"]

1. d4 d5 2. c4 c6 3. Nf3 Nf6 4. Nc3 dxc4 5. e4 b5 6. Be2 Bg4 7. a4 b4 8. e5 bxc3 9. exf6 cxb2 10. fxg7 bxa1=Q 11. gxh8=Q Qa5+ 12. Kf1 Bxf3 13. gxf3 Nd7 14. Qxh7 Q5xa4 15. Qhc2 Qxc2 16. Qxc2 O-O-O 17. Qxc4 Kc7 18. Kg2 Nb6 19. Bf4+ Kb7 20. Rxa1 Nxc4 21. Bxc4 Rxd4 22. Rb1+ Kc8 23. Ba6+ Kd7 24. Be3 Ra4 25. Rb7+ Kc8 26. Rxa7+ Kb8 27. Rb7+ Kc8 28. Rxe7+ Rxa6 29. Re8+ Kd7 30. Rxf8 1-0


[Site "https://www.chess.com"]

[Event "Titled Tuesday Blitz June 21 Early 2022"]
[White "Pham, Tran Gia Phuc"]
[Black "Taichman, Ori"]
[WhiteFideId "12415669"]
[BlackFideId "2804069"]
[WhiteElo "1789"]
[BlackElo "2227"]
[Result "0-1"]
[Round "04"]
[TimeControl "180+1"]
[Date "2022.06.21"]
[WhiteClock "0:00:18"]
[BlackClock "0:00:10"]

1. d4 Nf6 2. Nf3 g6 3. Bf4 Bg7 4. e3 d6 5. c4 O-O 6. Nc3 Nc6 7. h3 Nd7 8. Be2 e5 9. Bh2 f5 10. O-O e4 11. Nd2 g5 12. f3 f4 13. Ndxe4 fxe3 14. d5 Nd4 15. Qd3 Nc5 16. Qxe3 Nc2 17. Qd2 Nxa1 18. Rxa1 h6 19. Nxc5 dxc5 20. Ne4 Bd4+ 21. Kh1 Bf5 22. d6 cxd6 23. Nxd6 Bg6 24. Bd3 Rf6 25. Bxg6 Rxg6 26. Nf5 Re6 27. Rd1 Qf6 28. Qc2 Rae8 29. Bg3 Re2 30. Qd3 Rxb2 31. Nd6 Ree2 32. Ne4 Qg6 33. Bf2 Bxf2 34. Qd8+ Kh7 35. Rd7+ Qg7 36. Rxg7+ Kxg7 37. Qf6+ Kg8 38. Qg6+ Kf8 39. Qxh6+ Ke8 40. Qg6+ Kd7 41. Qf5+ Kc7 42. Nxf2 Rxf2 43. Qxc5+ Kd7 44. Qxg5 Rxa2 45. h4 Rxg2 46. Qxg2 Rxg2 47. Kxg2 a5 48. h5 Ke8 49. h6 Kf8 0-1


[Site "https://www.chess.com"]

[Event "Titled Tuesday Blitz June 21 Early 2022"]
[White "Piliczewski, Bogusz"]
[Black "Rom, Jasper"]
[WhiteFideId "1104144"]
[BlackFideId "2023733"]
[WhiteElo "1896"]
[BlackElo "2233"]
[Result "0-1"]
[Round "04"]
[TimeControl "180+1"]
[Date "2022.06.21"]
[WhiteClock "0:00:18"]
[BlackClock "0:00:38"]

1. d4 d5 2. Nf3 e6 3. c4 c6 4. Nc3 dxc4 5. a4 Bb4 6. g3 Nf6 7. Bg2 a5 8. O-O Nbd7 9. Bg5 h6 10. Bxf6 Qxf6 11. Ne5 Nxe5 12. Ne4 Qf5 13. dxe5 Qxe5 14. f4 Qc7 15. Qc2 b5 16. Rfc1 O-O 17. axb5 cxb5 18. Nf6+ gxf6 19. Bxa8 Qa7+ 20. Kf1 Qxa8 21. e4 Bb7 22. e5 Be4 23. Qd1 Bd3+ 24. Kf2 Bc5+ 25. Ke1 Qg2 26. Qg4+ Kh7 27. exf6 Bb4+ 28. Kd1 Qd2# 0-1


[Site "https://www.chess.com"]

[Event "Titled Tuesday Blitz June 21 Early 2022"]
[White "Pinheiro, Iung Alicio de O."]
[Black "Corrales Jimenez, Fidel"]
[WhiteFideId "2104350"]
[BlackFideId "3506690"]
[WhiteElo "2283"]
[BlackElo "2541"]
[Result "0-1"]
[Round "04"]
[TimeControl "180+1"]
[Date "2022.06.21"]
[WhiteClock "0:00:06"]
[BlackClock "0:00:54"]

1. e4 c5 2. Nf3 d6 3. c3 Nf6 4. h3 g6 5. Bd3 Bg7 6. Bc2 O-O 7. O-O e5 8. d4 Nc6 9. dxe5 dxe5 10. Qxd8 Rxd8 11. Bg5 h6 12. Bxf6 Bxf6 13. Nbd2 Kg7 14. Ba4 Be6 15. Bb3 Bd7 16. Bd5 Rac8 17. Nc4 Re8 18. Rfd1 Re7 19. a4 Rc7 20. Rd3 b6 21. Rad1 Nb8 22. b3 h5 23. h4 Bg4 24. g3 Nd7 25. Kg2 a6 26. Ne3 b5 27. axb5 Bxf3+ 28. Kxf3 axb5 29. Ra1 Re8 30. Rdd1 Rb8 31. Ra6 Be7 32. Rda1 Nb6 33. Ra7 Rbc8 34. R7a6 Rb8 35. R1a5 Nc8 36. Rc6 Bd8 37. Raa6 Ne7 38. Rxc7 Bxc7 39. Ra7 Bd6 40. Rd7 Rb6 41. b4 cxb4 42. cxb4 Bxb4 43. Bb3 Rd6 44. Rxe7 Rf6+ 45. Ke2 Bxe7 46. Nd5 Re6 47. Nc7 Rb6 48. Nd5 Rb7 49. Kd3 Bc5 50. Ke2 Ra7 0-1


[Site "https://www.chess.com"]

[Event "Titled Tuesday Blitz June 21 Early 2022"]
[White "Polster, Christian"]
[Black "Bethke, Richard"]
[WhiteFideId "12965081"]
[BlackFideId "12959243"]
[WhiteElo "2270"]
[BlackElo "2509"]
[Result "0-1"]
[Round "04"]
[TimeControl "180+1"]
[Date "2022.06.21"]
[WhiteClock "0:00:02"]
[BlackClock "0:01:25"]

1. e4 c5 2. Nc3 Nc6 3. Nge2 e5 4. g3 g6 5. Bg2 Bg7 6. O-O Nge7 7. d3 O-O 8. Be3 Nd4 9. f4 d6 10. Qd2 Be6 11. h3 f5 12. Rae1 Kh8 13. Kh2 Qa5 14. a3 Rad8 15. fxe5 dxe5 16. Bg5 Rd7 17. exf5 gxf5 18. Ng1 Nd5 19. Nxd5 Qxd2 20. Bxd2 Bxd5 21. Rc1 e4 22. dxe4 Bxe4 23. Bxe4 fxe4 24. Rxf8+ Bxf8 25. Bc3 Kg8 26. Kg2 e3 27. Rd1 Re7 28. Bxd4 cxd4 29. Ne2 Bg7 30. Rd3 Rf7 0-1


[Site "https://www.chess.com"]

[Event "Titled Tuesday Blitz June 21 Early 2022"]
[White "Poltorak, Sebastian"]
[Black "Kozelov, Roman"]
[WhiteFideId "1199498"]
[BlackFideId "14133377"]
[WhiteElo "2104"]
[BlackElo "2149"]
[Result "0-1"]
[Round "04"]
[TimeControl "180+1"]
[Date "2022.06.21"]
[WhiteClock "0:00:09"]
[BlackClock "0:01:44"]

1. f3 e5 2. c3 d5 3. d4 Nc6 4. e3 Bd6 5. Ne2 e4 6. fxe4 dxe4 7. g3 Bg4 8. Bg2 Nf6 9. O-O Qd7 10. Qc2 O-O-O 11. a3 h5 12. h3 Bxe2 13. Qxe2 Bxg3 14. c4 g5 15. Rxf6 g4 16. Qf1 Nxd4 17. exd4 Qxd4+ 18. Kh1 e3 19. Nc3 Kb8 20. Rxf7 Bd6 21. Bxe3 Qxe3 22. Re1 Qg3 23. Kg1 gxh3 24. Qf3 Qh2+ 25. Kf1 hxg2+ 26. Qxg2 Qh4 27. Re5 Bxe5 0-1


[Site "https://www.chess.com"]

[Event "Titled Tuesday Blitz June 21 Early 2022"]
[White "Pranesh M"]
[Black "Al-Tarboush, Ward"]
[WhiteFideId "35028600"]
[BlackFideId "7601450"]
[WhiteElo "1902"]
[BlackElo "2249"]
[Result "1-0"]
[Round "04"]
[TimeControl "180+1"]
[Date "2022.06.21"]
[WhiteClock "0:01:08"]
[BlackClock "0:00:34"]

1. e4 b6 2. Nf3 Bb7 3. Nc3 e6 4. d4 Bb4 5. Bd3 Nf6 6. Qe2 d5 7. e5 Ne4 8. O-O Nxc3 9. bxc3 Bxc3 10. Bg5 Qd7 11. Rab1 Nc6 12. Qe3 Bb4 13. c4 Be7 14. cxd5 exd5 15. Rfc1 h6 16. Bxe7 Nxe7 17. e6 Qxe6 18. Qxe6 fxe6 19. Rxc7 Bc6 20. Ne5 Kd8 21. Rxc6 Nxc6 22. Nxc6+ Kd7 23. Ne5+ Kc7 24. Ba6 Rhe8 25. Rc1+ Kd6 26. f4 Ke7 27. Rc7+ Kf8 28. Kf2 Re7 29. Ng6+ 1-0


[Site "https://www.chess.com"]

[Event "Titled Tuesday Blitz June 21 Early 2022"]
[White "Prieto Aranguren, Alain"]
[Black "Dhanush, Bharadwaj"]
[WhiteFideId "2268906"]
[BlackFideId "25058746"]
[WhiteElo "2224"]
[BlackElo "2291"]
[Result "0-1"]
[Round "04"]
[TimeControl "180+1"]
[Date "2022.06.21"]
[WhiteClock "0:00:06"]
[BlackClock "0:00:11"]

1. d4 g6 2. h4 Nf6 3. Nc3 d5 4. Bf4 c6 5. Qd2 Bg7 6. Bh6 Bxh6 7. Qxh6 Qb6 8. O-O-O Na6 9. Nf3 Bf5 10. Ne5 Nb4 11. Qg7 Rf8 12. e4 Bxe4 13. Nxe4 dxe4 14. Bc4 Nbd5 15. h5 O-O-O 16. Nxf7 Rg8 17. Qh6 Rdf8 18. hxg6 hxg6 19. Ne5 Qb4 20. Qh3+ Kb8 21. Qe6 Ka8 22. c3 Qa5 23. Bb3 a6 24. Rh6 e3 25. fxe3 Nxe3 26. Re1 Nfd5 27. Rxg6 Rxg6 28. Nxg6 Rf2 29. Qc8+ Ka7 30. Rh1 Nxc3 31. Rh8 Nxa2+ 32. Kb1 Rf1+ 0-1


[Site "https://www.chess.com"]

[Event "Titled Tuesday Blitz June 21 Early 2022"]
[White "Prokofiev, Valentyn"]
[Black "Mahitosh, Dey"]
[WhiteFideId "14160161"]
[BlackFideId "25091468"]
[WhiteElo "2142"]
[BlackElo "1624"]
[Result "1-0"]
[Round "04"]
[TimeControl "180+1"]
[Date "2022.06.21"]
[WhiteClock "0:00:50"]
[BlackClock "0:00:22"]

1. d4 Nf6 2. c4 g6 3. Nc3 Bg7 4. e4 d6 5. Nf3 O-O 6. Be2 e5 7. O-O Bg4 8. dxe5 dxe5 9. Qc2 Qe7 10. Bg5 c6 11. Rad1 h6 12. Be3 Na6 13. a3 Nc7 14. Nd2 Bxe2 15. Nxe2 Ne6 16. c5 Rfd8 17. Nc4 Nxc5 18. f3 b6 19. b4 Nb7 20. Nb2 Qe6 21. Rc1 Rac8 22. Qa4 a5 23. Bxb6 Rd2 24. Rc2 Rxc2 25. Qxc2 axb4 26. axb4 c5 27. Rc1 Qxb6 28. Kh1 Qxb4 29. Nc4 Na5 30. Nd6 Rb8 31. Qa2 Qb2 32. Qxf7+ Kh7 33. Qc7 Qxe2 34. Qxb8 Nh5 35. Qb1 Nf4 36. Qc2 Nb3 37. Qxe2 Nxe2 38. Rc2 Ned4 39. Ra2 Bf8 40. Ra7+ Kg8 41. Nc4 g5 42. Kg1 Nc1 43. Kf2 Nd3+ 44. Ke3 Nf4 45. g3 Nfe6 46. Nxe5 h5 47. Ng6 h4 48. gxh4 gxh4 49. Nxf8 Kxf8 50. f4 c4 51. f5 c3 52. fxe6 c2 53. Rc7 Ke8 54. Kxd4 1-0


[Site "https://www.chess.com"]

[Event "Titled Tuesday Blitz June 21 Early 2022"]
[White "Przybylski, Wojciech"]
[Black "Sapunov, Evgeny"]
[WhiteFideId "1117599"]
[BlackFideId "4126661"]
[WhiteElo "2559"]
[BlackElo "2739"]
[Result "1-0"]
[Round "04"]
[TimeControl "180+1"]
[Date "2022.06.21"]
[WhiteClock "0:00:35"]
[BlackClock "0:00:12"]

1. e4 c5 2. Nf3 e6 3. b3 a6 4. Bb2 Nc6 5. Be2 d6 6. d4 cxd4 7. Nxd4 Nf6 8. Nd2 Qc7 9. O-O Be7 10. Nxc6 bxc6 11. Bd3 O-O 12. f4 c5 13. e5 Nd5 14. exd6 Qxd6 15. Nc4 Qc7 16. Qh5 g6 17. Qh6 Bf6 18. Be5 Bxe5 19. fxe5 Nb4 20. Rf4 Nxd3 21. cxd3 Bb7 22. Raf1 f5 23. exf6 Rf7 24. Qg5 Rd8 25. Ne5 Rd5 26. Nxf7 Kxf7 27. Qh6 1-0


[Site "https://www.chess.com"]

[Event "Titled Tuesday Blitz June 21 Early 2022"]
[White "Pulpan, Jakub"]
[Black "Ibrahimli, Murad"]
[WhiteFideId "302759"]
[BlackFideId "13410229"]
[WhiteElo "2495"]
[BlackElo "2109"]
[Result "0-1"]
[Round "04"]
[TimeControl "180+1"]
[Date "2022.06.21"]
[WhiteClock "0:00:04"]
[BlackClock "0:00:05"]

1. d4 Nf6 2. Nf3 e6 3. c4 d5 4. g3 Bb4+ 5. Nbd2 O-O 6. Bg2 dxc4 7. O-O b5 8. a4 c6 9. axb5 cxb5 10. Ne5 Nd5 11. e4 Nb6 12. d5 f6 13. Nef3 exd5 14. Nd4 Bc5 15. Nxb5 a6 16. Na3 Bxa3 17. Rxa3 Bb7 18. exd5 Bxd5 19. Nf3 Nc6 20. Be3 Nb4 21. Bc5 Nd3 22. Bxf8 Qxf8 23. Qa1 Qc8 24. Rd1 Qb7 25. Ne1 Bxg2 26. Nxg2 Qf3 27. Raxd3 cxd3 28. Ne1 Qf5 29. Nxd3 Nd5 30. Qa2 Kh8 31. Nc5 Ne3 32. Qxa6 Rg8 33. fxe3 Qxc5 34. Qd3 Qb4 35. Qd4 Qb3 36. Rd2 h6 37. Kg2 Ra8 38. Qd5 Qb8 39. b4 Qa7 40. Qd4 Qb7+ 41. Qd5 Qa7 42. b5 Rb8 43. Rb2 Qxe3 44. Qf3 Qb6 45. Qd5 Qc7 46. Re2 Qc3 47. Qc6 Qb4 48. Re8+ Rxe8 49. Qxe8+ Kh7 50. Qe1 Qxe1 0-1


[Site "https://www.chess.com"]